[Event "*** Titled Tuesday Blitz"]
[Site "Chess.com"]
[Date "2020.05.26"]
[Round "6"]
[White "Fins0905"]
[Black "StockholmMissile"]
[Result "1/2-1/2"]
[WhiteElo "2643"]
[BlackElo "2416"]
[TimeControl "180+1"]
[EndTime "11:08:42 PDT"]
[Termination "Game drawn - insufficient material"]

1. d4 d5 2. c4 c6 3. cxd5 cxd5 4.
Bg5 h6 5. Bh4 Qb6 6. Nc3 e6 7.
Rb1 Ne7 8. e3 Nf5 9. Bg3 Nxg3 10.
hxg3 Be7 11. Bd3 Nc6 12. a3 Bd7 13. Nf3 Rc8 14. g4 Qd8 15. Rh5 g6 16. Rh1 Bf8 17.
Ne2 Bg7 18. Nf4 Na5 19. Ne5 Bxe5 20. dxe5 Qg5 21. Be2 Qxe5 22. Bd3 Qf6 23. Qd2 Nc4 24. Qb4 b6 25. Ke2 Ne5 26. Qd4 Nxg4 27. f3 Qxd4 28.
exd4 Nf6 29. g4 Ke7 30. Ke3 Kd6 31. Rh2 e5 32. dxe5+ Kxe5 33. Bxg6 d4+ 34. Kf2 Kxf4 35. Bxf7 Rc2+ 36. Kg1 Rhc8 37. Bg6 Rxh2 38. Kxh2 Nd5 39. Rd1 Ne3 40. Rxd4+ Kxf3 41. Be4+ Kf2 42. Rxd7 Nxg4+ 43. Kh3 Ne3 44. Rxa7 Rc4 45. Re7 Rc5 46. Bg6 Rg5 47.
Rf7+ Ke2 48. Rf6 Rc5 49. Be4 Re5 50. Bf3+ Kd2 51. Kg3 b5 52. Kf4 Rc5 53. Rd6+ Nd5+ 54. Rxd5+ Rxd5 55. Bxd5 Kc2 56. Bc6 Kxb2 57. Bxb5 Kxa3 58.
Bf1 h5 59. Kg5 h4 60. Kxh4 1/2-1/2

[Event "*** Titled Tuesday Blitz"]
[Site "Chess.com"]
[Date "2020.05.26"]
[Round "6"]
[White "MikeSailer"]
[Black "IAgrest"]
[Result "1/2-1/2"]
[WhiteElo "2082"]
[BlackElo "2263"]
[TimeControl "180+1"]
[EndTime "11:08:42 PDT"]
[Termination "Game drawn - insufficient material"]

1. d4 Nf6 2. Nf3 g6 3. Bf4 Bg7 4. e3 O-O 5. Be2 d6 6. O-O Nfd7 7.
h3 e5 8. Bh2 Nc6 9. c4 exd4 10.
exd4 Qf6 11. d5 Nce5 12. Nfd2 Nc5 13. Nc3 a5 14. Nde4 Nxe4 15. Nxe4 Qh4 16. f3 f5 17. Bg3 Qe7 18. Nf2 f4 19. Bh2 g5 20. Re1 Qf7 21. Ne4 Qg6 22. c5 Bf5 23. cxd6 cxd6 24. Nc3 Rac8 25.
Rc1 Nc4 26. Bxc4 Rxc4 27. Kh1 h6 28. Bg1 Rfc8 29. a4 h5 30. Re7 R4c7 31. Rxc7 Rxc7 32. Nb5 Rxc1 33. Qxc1 Kh7 34. Qc7 g4 35. fxg4 hxg4 36. Bd4 gxh3 37. Qxg7+ Qxg7 38. Bxg7 hxg2+ 39. Kxg2 Kxg7 40.
Nxd6 Bc2 41. Nxb7 Be4+ 42. Kf2 Bxd5 43. Nxa5 Kf6 44. b4 Ke5 45. b5 Kd6 46. Ke2 Kc5 47.
Kd3 Kb4 48. Nc6+ Kxa4 49. Ne7 Bh1 50. Ng6 f3 51. b6 f2 52. Ke2 Kb5 53. Kxf2 Kxb6 1/2-1/2

[Event "*** Titled Tuesday Blitz"]
[Site "Chess.com"]
[Date "2020.05.26"]
[Round "6"]
[White "Gyapiking"]
[Black "okriak"]
[Result "0-1"]
[WhiteElo "2531"]
[BlackElo "2722"]
[TimeControl "180+1"]
[EndTime "11:08:44 PDT"]
[Termination "okriak won by checkmate"]

1. c4 e6 2. g3 d5 3. Bg2 Nf6 4. Nf3 Be7 5. O-O O-O 6. b3 b6 7. Bb2 Bb7 8. e3 c5 9. Nc3 Nc6 10. cxd5 Nxd5 11. Nxd5 Qxd5 12. d4 Rfd8 13. Ne5 Qd6 14. Qf3 Nxe5 15. Qxb7 Ng6 16. Qxa8 Rxa8 17. Bxa8 Bf6 18. dxc5 Qb8 19. Bxf6 Qxa8 20. Bd4 bxc5 21.
Bxc5 Ne5 22. Rfd1 Nf3+ 23. Kf1 Nxh2+ 24. Ke2 h5 25. Rac1 a5 26. Bd4 Qa6+ 27. Kd2 e5 28.
Bc3 Nf3+ 29. Kc2 Qe2+ 30. Kb1 Qxf2 31. Bxa5 Qxg3 32. Bc3 h4 33. a4 h3 34. a5 h2 35.
Rh1 Ng1 36. a6 Qg2 37. Rxh2 Qxh2 38. a7 Qg2 39. Bxe5 Qe4+ 40. Ka2 Qb7 41. Rxg1 Qxa7+ 42. Kb2 Qxe3 43. Rxg7+ Kf8 44. Bc3 f5 45. Rd7 f4 46.
Bd4 Qe2+ 47. Kc3 f3 48. Rd5 Qe4 49. Rc5 Qf4 50. Bf2 Ke7 51. Kb2 Qd2+ 52. Rc2 Qd3 53.
b4 Ke6 54. Kb1 Qb3+ 55. Rb2 Qd1+ 56. Ka2 Qa4+ 57. Kb1 Qb5 58. Kc2 Kd5 59. Kb1 Ke4 60.
Rd2 Qxb4+ 61. Kc2 Qc4+ 62. Kd1 Qf1+ 63. Kc2 Qc4+ 64. Kd1 Qa4+ 65. Kc1 Qa1+ 66. Kc2 Kf5 67. Kd3 Qb1+ 68. Ke3 Qe4# 0-1

[Event "*** Titled Tuesday Blitz"]
[Site "Chess.com"]
[Date "2020.05.26"]
[Round "6"]
[White "Zarikovs1999"]
[Black "gilbert_gm"]
[Result "1-0"]
[WhiteElo "2355"]
[BlackElo "2627"]
[TimeControl "180+1"]
[EndTime "11:08:44 PDT"]
[Termination "Zarikovs1999 won by resignation"]

1. Nf3 g6 2. c4 Bg7 3. g3 Nf6 4. Bg2 O-O 5. O-O d6 6. d4 Nc6 7. Nc3 e5 8. dxe5 dxe5 9. Bg5 Be6 10. Nd5 Bxd5 11. Bxf6 Bxf6 12. cxd5 Nd4 13. e3 Nxf3+ 14. Bxf3 Re8 15. Qb3 Rb8 16. Rfd1 Qd6 17. Rac1 Kg7 18. Qa3 Qxa3 19. bxa3 Rbc8 20. Bg4 Rcd8 21. Rxc7 Re7 22. Rc8 Rxc8 23. Bxc8 b6 24. d6 Re8 25. d7 Rd8 26. a4 Be7 27. Ba6 f5 28. Bb5 Bc5 29. Kg2 e4 30. Rd5 Kf6 31. Kf1 Ke6 32. Rd2 Ke7 33.
Ke2 Rf8 34. f3 exf3+ 35. Kxf3 Ra8 36. e4 fxe4+ 37. Kxe4 a6 38. Bxa6 Bd6 39. Bb5 Rf8 40. Kd5 Bc5 41. Kc6 Bg1 42. Kc7 Be3 43. d8=Q+ Rxd8 44. Rxd8 Kf6 45. Re8 Bd4 46. Re4 Bc5 47. Kc6 Bg1 48.
Bd3 Bxh2 49. Kxb6 Bxg3 50. a5 Bf2+ 51. Kb7 h5 52. a6 g5 53. a7 Bxa7 54. Kxa7 h4 55.
Re1 g4 56. Rg1 Kg5 57. Be2 g3 58. a4 Kf4 59. a5 h3 60. Bf1 h2 61. Rh1 Kf3 62.
a6 Kf2 63. Kb8 g2 64. Bxg2 Kxg2 65. Rxh2+ Kxh2 66. a7 Kg1 67. a8=Q Kh2 68. Qd5 Kg3 69.
Kc7 Kh4 70. Kd6 1-0

[Event "*** Titled Tuesday Blitz"]
[Site "Chess.com"]
[Date "2020.05.26"]
[Round "6"]
[White "Sychev_Klementy"]
[Black "econpower"]
[Result "1/2-1/2"]
[WhiteElo "2860"]
[BlackElo "2652"]
[TimeControl "180+1"]
[EndTime "11:08:45 PDT"]
[Termination "Game drawn - insufficient material"]

1. e4 d6 2. d4 Nf6 3. Nc3 e5 4.
Nf3 Nbd7 5. Rg1 g6 6. g4 Bg7 7. g5 Nh5 8. Be3 a6 9. Qd2 b5 10. O-O-O Bb7 11. Bh3 Nb6 12. dxe5 Nc4 13. Qe1 Nxe5 14. Nd2 O-O 15. f4 b4 16. Nd5 Bxd5 17.
exd5 Nd7 18. Bg4 Re8 19. Bxh5 gxh5 20. Qf2 Nb6 21. Bd4 Bxd4 22. Qxd4 Qe7 23. Qxb4 Nxd5 24.
Qd4 Nb6 25. f5 Qe5 26. Qd3 Qe3 27. Rg3 Qxd3 28. cxd3 Re5 29. Rf3 Rae8 30. Ne4 Nd7 31. h4 d5 32. Ng3 Re3 33. Rdf1 Nc5 34. Rxe3 Rxe3 35. Nxh5 Rxd3 36. Nf6+ Kg7 37. Ne8+ Kf8 38. Nxc7 Ne4 39. Nxa6 Ng3 40. Rf2 Rd4 41. b3 Rxh4 42. Nc7 d4 43. Kc2 Ne4 44. Re2 Nxg5 45. f6 Re4 46.
Rxe4 Nxe4 47. a4 Nxf6 48. a5 Nd7 49. b4 h5 50. Nd5 h4 51. Nf4 Ke7 52. Kd3 Kd6 53.
Kxd4 Kc6 54. Kc3 Kb5 55. Nh3 Nf6 56. Nf4 Ne4+ 57. Kd4 Ng5 58. Ke3 h3 59. Nxh3 Nxh3 60. Ke4 Ng5+ 61. Kf5 Ne6 62. Kf6 Nd8 63. Kf5 Nc6 64.
Kf6 Nxb4 65. Kxf7 Kxa5 1/2-1/2

[Event "*** Titled Tuesday Blitz"]
[Site "Chess.com"]
[Date "2020.05.26"]
[Round "6"]
[White "SCIM"]
[Black "ChristopherYoo"]
[Result "0-1"]
[WhiteElo "2517"]
[BlackElo "2873"]
[TimeControl "180+1"]
[EndTime "11:08:45 PDT"]
[Termination "ChristopherYoo won by resignation"]

1. d4 Nf6 2. c4 g6 3. Nc3 d5 4.
cxd5 Nxd5 5. e4 Nxc3 6. bxc3 Bg7 7. Bc4 c5 8. Ne2 Nc6 9. Be3 O-O 10. O-O b6 11. dxc5 Qc7 12. Nd4 Bb7 13. Nb5 Qb8 14. cxb6 axb6 15. a4 Ne5 16. Bd5 e6 17. Bxb7 Qxb7 18.
f3 Nc4 19. Bf4 Qc6 20. Kh1 Rfd8 21. Qe2 e5 22. Bg5 f6 23. Be3 Nxe3 24. Qxe3 Bf8 25. Qe2 Qe6 26. Rfd1 Rxd1+ 27. Qxd1 Rc8 28. Qd5 Qxd5 29.
exd5 Kf7 30. Kg1 Rc5 31. Rd1 Ke8 32. Kf2 Kd7 33. Ke2 f5 34. g3 h5 35. h4 Be7 36.
Ke3 Rc4 37. Ra1 Bd8 38. Kd3 Rc5 39. c4 e4+ 40. fxe4 fxe4+ 41. Kxe4 Rxc4+ 42. Kd3 Rg4 43.
Rf1 Rxg3+ 44. Kc4 Rg4+ 45. Nd4 Rxh4 46. Rf7+ Be7 47. Kd3 Ke8 48. Rh7 Bf6 49. Ne6 Be7 50. Rh8+ Kd7 51. Rb8 Rxa4 52. Rxb6 h4 53. Nd4 Bc5 54.
Rb7+ Kc8 55. Ne6 Ra3+ 56. Kc4 Kxb7 57. Kxc5 Kc8 58. Kd6 h3 59. Ke7 h2 60. d6 Ra7+ 61. Nc7 Rxc7+ 62. dxc7 h1=Q 0-1

[Event "*** Titled Tuesday Blitz"]
[Site "Chess.com"]
[Date "2020.05.26"]
[Round "6"]
[White "Kostya26"]
[Black "SHIVACalypso"]
[Result "1-0"]
[WhiteElo "2457"]
[BlackElo "2281"]
[TimeControl "180+1"]
[EndTime "11:08:45 PDT"]
[Termination "Kostya26 won by resignation"]

1. e4 e6 2. b3 d5 3. Bb2 Nf6 4. e5 Nfd7 5. g3 c5 6. Bg2 Nc6 7. Ne2 Ndxe5 8. f4 Nd7 9. d4 cxd4 10. Nxd4 Nxd4 11. Bxd4 Nf6 12. Nd2 Be7 13. Qe2 O-O 14. O-O-O a5 15. a4 Bd7 16. g4 b5 17. g5 Ne8 18. axb5 a4 19. Bb2 a3 20. Ba1 a2 21. c4 Qc7 22. Rhf1 Bxb5 23. h4 Ba3+ 24.
Kc2 dxc4 25. Nxc4 Bxc4 26. Qxc4 Rc8 27. Qxc7 Nxc7 28. b4 Bxb4 29. Kb3 Rb8 30. Kxa2 Rb6 31. Kb3 Be7+ 32. Kc2 Nb5 33. Be5 Rc8+ 34. Kd3 Nd6 35. Rc1 Rxc1 36. Rxc1 h6 37. Rc7 Nf5 38. Rc8+ Kh7 39.
Be4 hxg5 40. hxg5 Kg6 41. Re8 Bc5 42. Rg8 Bd6 43. Rxg7+ Kh5 44. Bxf5 Bxe5 45. fxe5 exf5 46. Rxf7 Kxg5 47. Kd4 f4 48. Kd5 Kg4 49. e6 f3 50.
e7 Rb8 51. Ke4 Re8 52. Rf4+ Kg5 53. Rf7 Kg4 54. Ke5 Kg3 55. Kd6 Kg2 56. Rg7+ Kf2 57.
Ke5 Rxe7+ 58. Rxe7 Ke2 59. Kf4+ Kf2 60. Rf7 Kg2 61.
Ke3 f2 62. Ke2 1-0

[Event "*** Titled Tuesday Blitz"]
[Site "Chess.com"]
[Date "2020.05.26"]
[Round "6"]
[White "1f3_2g41-0"]
[Black "djano"]
[Result "0-1"]
[WhiteElo "2256"]
[BlackElo "2451"]
[TimeControl "180+1"]
[EndTime "11:08:45 PDT"]
[Termination "djano won on time"]

1. e4 c5 2. Nf3 a6 3. c4 g6 4. Nc3 Bg7 5. d4 cxd4 6. Nxd4 Nc6 7. Be3 Nf6 8. Bd3 O-O 9. O-O d6 10. f3 Bd7 11. Nxc6 Bxc6 12. Nd5 Bxd5 13. cxd5 Nd7 14. Rc1 Bxb2 15. Rb1 Bg7 16. Rxb7 Nc5 17. Bxc5 dxc5 18.
Qa4 e6 19. Rd7 Qe8 20. dxe6 Qxe6 21. Bc4 Qb6 22. Qc2 Rab8 23. Kh1 a5 24. Qa4 Bd4 25. Bd5 Kg7 26. Qc4 Rbd8 27. Rxf7+ Rxf7 28. Bxf7 Qb4 29. Qe6 Qb5 30. Rd1 Qd7 31. Qxd7 Rxd7 32. Bd5 a4 33. Rb1 Rc7 34. Bc4 Rd7 35. g3 Bc3 36. Bd5 Bb4 37.
Kg2 h5 38. Kf2 Rc7 39. Ke3 Kf6 40. Kd3 a3 41. Kc4 g5 42. Rb3 Rh7 43. Re3 Ke5 44.
Re2 Rh6 45. Rf2 Rf6 46. Kd3 Rf8 47. Ke3 c4 48. Rc2 c3 49. Kd3 Rf6 50. Kc4 Rb6 51. Rc1 Ba5 52. Kc5 Rb2 53. h3 c2 54. Bb3 Rxb3 55.
axb3 a2 56. Ra1 Bc3 57. Rxa2 c1=Q 58. Ra6 Bd4+ 59. Kb5 Qc5+ 60. Ka4 Bc3 0-1

[Event "*** Titled Tuesday Blitz"]
[Site "Chess.com"]
[Date "2020.05.26"]
[Round "6"]
[White "CzechmVIII"]
[Black "kuba2006"]
[Result "0-1"]
[WhiteElo "2171"]
[BlackElo "2405"]
[TimeControl "180+1"]
[EndTime "11:08:45 PDT"]
[Termination "kuba2006 won by checkmate"]

1. e4 Nf6 2. e5 Nd5 3. d4 d6 4. Nf3 Bg4 5. Be2 c6 6. Ng5 Bf5 7. g4 Bg6 8. h4 h6 9. Nh3 dxe5 10.
dxe5 e6 11. c4 Nb4 12. Qxd8+ Kxd8 13. Na3 Nd7 14. f4 Be4 15. Rh2 Nc5 16. Nf2 Bh7 17.
Be3 Kc7 18. Bd2 Nbd3+ 19. Nxd3 Nxd3+ 20. Bxd3 Bxd3 21. O-O-O Bxa3 22. Ba5+ b6 23. Rxd3 Bxb2+ 24. Rxb2 bxa5 25. Ra3 Rhd8 26. Rd2 Kb6 27. Rb3+ Kc7 28. Ra3 Rxd2 29. Kxd2 Rd8+ 30. Ke3 Kb6 31. Rb3+ Ka6 32.
h5 a4 33. Rb4 c5 34. Rb5 Rd1 35. Rxc5 Ra1 36. Kd3 Rxa2 37. Kc3 Rf2 38. Rc7 Rxf4 39.
Rd7 Kb6 40. Rd2 a5 41. Ra2 Rxg4 42. Rxa4 Rh4 43. Ra2 Rxh5 44. Rb2+ Kc6 45. Rd2 Rxe5 46. Rd8 Rg5 47. Rc8+ Kb7 48. Rf8 Rg3+ 49. Kd4 f5 50. Rf7+ Kb6 51. Re7 Kc6 52. Rxe6+ Kd7 53. Ra6 Rg4+ 54.
Kc5 h5 55. Ra7+ Ke6 56. Rxa5 h4 57. Ra6+ Ke5 58. Ra8 h3 59. Rh8 Rg3 60. Rh7 f4 61.
Kb6 f3 62. Rh8 f2 63. Re8+ Kd6 64. Rf8 h2 65. Rxf2 h1=Q 66. Rd2+ Ke7 67. c5 Rb3+ 68. Kc7 Qb7# 0-1

[Event "*** Titled Tuesday Blitz"]
[Site "Chess.com"]
[Date "2020.05.26"]
[Round "6"]
[White "malakismayil"]
[Black "RubensCezila"]
[Result "1/2-1/2"]
[WhiteElo "2301"]
[BlackElo "2459"]
[TimeControl "180+1"]
[EndTime "11:08:46 PDT"]
[Termination "Game drawn - insufficient material"]

1. e4 c6 2. d4 d5 3. exd5 cxd5 4.
Bd3 Nc6 5. c3 Qc7 6. h3 g6 7.
Nf3 Bf5 8. Bb5 Bg7 9. O-O Nf6 10. Nbd2 O-O 11. Bxc6 bxc6 12. Nb3 Ne4 13. Nfd2 e5 14. Nxe4 Bxe4 15. Be3 Rab8 16. Qd2 Qe7 17. Rfe1 Qh4 18. f3 Bf5 19. dxe5 Bxe5 20. Bxa7 Bf4 21. Be3 Bg3 22.
Bf2 Rfe8 23. Bxg3 Qxg3 24. Qf2 Qg5 25. Kh1 h5 26. h4 Qf4 27. Rxe8+ Rxe8 28. Re1 Ra8 29. a3 Rb8 30. Nd4 Bd7 31. b4 Ra8 32. Ra1 Rxa3 33. Rxa3 Qc1+ 34. Kh2 Qxa3 35. Qe3 c5 36. bxc5 Qxc5 37. Kh1 Qd6 38. Qg5 Kg7 39. Qe3 f6 40. Ne2 Qe5 41. Qxe5 fxe5 42. Kg1 Kf6 43. Kf2 Bb5 44. Nc1 Bc4 45. Ke3 g5 46. hxg5+ Kxg5 47. g3 h4 48. gxh4+ Kxh4 49. Kf2 Kh3 50. Ne2 Bxe2 51.
Kxe2 Kh4 52. Ke3 Kg5 53. Kf2 Kf4 54. Ke2 e4 55. fxe4 Kxe4 56. Kd2 d4 57. c4 d3 58. c5 Kd5 59. c6 Kxc6 60. Kxd3 1/2-1/2

[Event "*** Titled Tuesday Blitz"]
[Site "Chess.com"]
[Date "2020.05.26"]
[Round "6"]
[White "Pultis"]
[Black "mbachez"]
[Result "1-0"]
[WhiteElo "2721"]
[BlackElo "2529"]
[TimeControl "180+1"]
[EndTime "11:08:47 PDT"]
[Termination "Pultis won on time"]

1. d4 Nf6 2. c4 Nc6 3. d5 Ne5 4.
b3 Ng6 5. Nc3 e5 6. Bb2 Bc5 7.
e3 O-O 8. Bd3 d6 9. Nge2 a5 10.
O-O c6 11. Ng3 cxd5 12. cxd5 Bd7 13. Rc1 Re8 14. Nge4 Nxe4 15. Nxe4 b6 16. Nxc5 bxc5 17. Qd2 a4 18. b4 cxb4 19. Qxb4 Rb8 20. Qa3 Qb6 21. Bc3 Rec8 22. Rb1 Qc5 23. Qxc5 dxc5 24. Rxb8 Rxb8 25. Rb1 Rxb1+ 26. Bxb1 f5 27. e4 f4 28. Bd3 Kf7 29. Ba5 Ke7 30. Bc7 f3 31. gxf3 Kf6 32. Kf1 Nf4 33. Bc4 Bh3+ 34. Ke1 Bg2 35. Bd8+ Kg6 36.
Be2 c4 37. Ba5 Nxe2 38. Kxe2 Kf7 39. Bc3 Kf6 40. h4 h6 41. h5 g6 42. hxg6 Kxg6 43. Bxe5 h5 44. Ke3 h4 45. f4 h3 46. f5+ Kf7 47. Bh2 c3 48. e5 Bxd5 49. a3 Be4 50.
e6+ Kf6 51. Kxe4 c2 52. Be5+ Ke7 53. Bf4 h2 54. Ke5 h1=Q 55. f6+ 1-0

[Event "*** Titled Tuesday Blitz"]
[Site "Chess.com"]
[Date "2020.05.26"]
[Round "6"]
[White "Omk124"]
[Black "emperor87"]
[Result "1/2-1/2"]
[WhiteElo "2422"]
[BlackElo "2608"]
[TimeControl "180+1"]
[EndTime "11:08:55 PDT"]
[Termination "Game drawn by repetition"]

1. e4 c6 2. c4 d6 3. Nc3 g6 4. d4 Bg7 5. Nf3 Bg4 6. Be2 Nd7 7. O-O Ngf6 8. Be3 O-O 9. Qc2 Qc7 10. Rad1 a5 11. Rfe1 Rfe8 12. a3 a4 13. Nxa4 Nxe4 14. Qxe4 Bxf3 15. Bxf3 Rxa4 16. Qc2 Raa8 17. Bc1 e5 18.
dxe5 Nxe5 19. Be4 h5 20. g3 h4 21. Bf4 hxg3 22. hxg3 Bf6 23. Kg2 Kg7 24. Qc1 Rh8 25. Rh1 Rxh1 26. Rxh1 Rh8 27. Rxh8 Kxh8 28. b4 Qe7 29. Qc2 g5 30. Bxe5 Qxe5 31. Bf3 Kg7 32. a4 Qd4 33. b5 g4 34. Be4 d5 35. cxd5 cxd5 36. Bd3 Bd8 37. Qe2 Bb6 38. Bf5 Kf6 39.
Bxg4 Qxa4 40. Bf3 Qd4 41. Qa2 Qc5 42. Bxd5 Qxb5 43. Bxb7 Kg7 44. Bf3 Bd4 45. Qd2 Qe5 46. Qd3 Qf6 47. Qe4 Qe5 48. Qg4+ Kf8 49. Be4 Qf6 50.
f4 Qb6 51. Qe2 Bf6 52. Bd5 Qd4 53. Ba2 Be7 54. Kh3 Qh8+ 55. Kg2 Bc5 56. Qc4 Qb2+ 57. Kf3 Qb7+ 58. Kg4 Qc7 59. Bb3 Qe7 60. Qd5 Ba3 61.
Qa8+ Kg7 62. Qd5 Bb2 63. Qd3 Bf6 64. Bc2 Qe6+ 65. Kf3 Qh3 66. Qf5 Qh1+ 67. Kg4 Qh2 68. Qe4 Bc3 69. Bd3 Bf6 70. Qf5 Qh6 71. Kf3 Qh1+ 72. Kg4 Qd1+ 73. Kh3 Qh1+ 74. Kg4 Qd1+ 75. Kh3 Qh1+ 76. Kg4 1/2-1/2

[Event "*** Titled Tuesday Blitz"]
[Site "Chess.com"]
[Date "2020.05.26"]
[Round "6"]
[White "MariaFominykh"]
[Black "Twitch_ElhamBlitz05"]
[Result "1-0"]
[WhiteElo "2358"]
[BlackElo "2572"]
[TimeControl "180+1"]
[EndTime "11:08:56 PDT"]
[Termination "MariaFominykh won by checkmate"]

1. d4 c6 2. Nf3 Nf6 3. c4 d5 4.
Nc3 g6 5. e3 Bg7 6. b3 O-O 7. Bd3 Bg4 8. h3 Bxf3 9. Qxf3 Nbd7 10. O-O e5 11. cxd5 exd4 12. exd4 Nxd5 13. Nxd5 cxd5 14.
Qxd5 Nb6 15. Qxd8 Raxd8 16. Ba3 Rfe8 17. Rae1 Rxe1 18. Rxe1 Bxd4 19. Be4 Re8 20. Bb4 Kg7 21. Bxb7 Rd8 22. Kf1 Rd7 23. Bf3 Rc7 24. Be4 f5 25.
Bd3 Rd7 26. Bb5 Rd8 27. Re7+ Kf6 28. Rxh7 Rc8 29. Bd3 Nd5 30. Bd2 Bc3 31. Ke2 Re8+ 32. Kd1 Rd8 33. Bxc3+ Nxc3+ 34. Kc2 Nxa2 35. Bc4 Nb4+ 36.
Kc3 Na2+ 37. Kc2 Nb4+ 38. Kc3 a5 39. Rf7+ Kg5 40. g3 Rd1 41. f4+ Kh6 42. g4 fxg4 43. hxg4 Re1 44. g5+ Kh5 45. Rh7+ Kg4 46. Rf7 Ra1 47.
f5 Ra2 48. fxg6 Rc2+ 49. Kd4 Rd2+ 50. Ke3 Rd8 51. g7 Rg8 52. Re7 Kxg5 53. Bxg8 Nc2+ 54. Ke2 Nb4 55. Ke3 Nd3 56. Ke4 Nf4 57. Ke5 Nd5 58.
Re8 Ne7 59. Bf7 Ng8 60. Rxg8 Kh4 61. Rf8 Kg3 62. g8=Q+ Kf2 63. Qg6 Ke3 64. Qg5+ Kd3 65. Qf5+ Kc3 66. Qf4 Kb2 67. Qe4 Ka3 68. Qd4 a4 69.
Qc4 axb3 70. Qxb3# 1-0

[Event "*** Titled Tuesday Blitz"]
[Site "Chess.com"]
[Date "2020.05.26"]
[Round "6"]
[White "lili_ani"]
[Black "doctorcristian"]
[Result "1-0"]
[WhiteElo "2560"]
[BlackElo "2309"]
[TimeControl "180+1"]
[EndTime "11:08:57 PDT"]
[Termination "lili_ani won on time"]

1. d4 Nf6 2. c4 c5 3. Nf3 g6 4.
Nc3 Bg7 5. g3 b6 6. Bg2 Bb7 7.
dxc5 bxc5 8. O-O O-O 9. Be3 d6 10. Qc1 Nbd7 11. Bh6 Ne4 12. Bxg7 Kxg7 13. Rd1 Ndf6 14.
b3 Rb8 15. Ne1 Nxc3 16. Qxc3 Bxg2 17. Nxg2 Qb6 18. Nf4 Qb4 19. Qb2 Kg8 20. Nd3 Qb7 21. f3 a5 22. Qc3 a4 23. bxa4 Qd7 24. a5 Qh3 25. Rab1 h5 26. Rb5 Nd5 27. Qd2 Nc7 28. Rb6 Ra8 29. Rdb1 Rfc8 30. Nf4 Qf5 31. Rb7 Kf8 32. e4 Qd7 33. Nd5 Qd8 34. Nb6 Na6 35.
Nxc8 Rxc8 36. a3 Nb8 37. Qd5 Nc6 38. a6 Nd4 39. a7 Nxf3+ 40. Kg2 Nd4 41. Rb8 Nc6 42.
a8=Q Rxb8 43. Rxb8 Nxb8 44. Qdb7 Kg7 45. Qaxb8 Qa5 46. Qb2+ f6 47. Q8b7 Kf7 48. Qd5+ Kg7 49. Qe6 Qa7 50. a4 g5 51. a5 Kg6 52. a6 Qxa6 53. Qxe7 1-0

[Event "*** Titled Tuesday Blitz"]
[Site "Chess.com"]
[Date "2020.05.26"]
[Round "6"]
[White "maximnovik"]
[Black "Norival"]
[Result "0-1"]
[WhiteElo "2457"]
[BlackElo "2655"]
[TimeControl "180+1"]
[EndTime "11:08:58 PDT"]
[Termination "Norival won on time"]

1. c4 e5 2. g3 Nf6 3. Bg2 d5 4. cxd5 Nxd5 5. Nc3 Nb6 6. d3 Be7 7. Nf3 Nc6 8. O-O O-O 9. a3 a5 10. Be3 Be6 11. Rc1 f6 12. Na4 Rf7 13. Nxb6 cxb6 14. Nd2 Bf8 15. a4 Nd4 16. Nc4 Bc5 17. Bxd4 Bxd4 18.
Qb3 Rc8 19. e3 Bc5 20. Rfd1 Rd7 21. Be4 Kh8 22. Qb5 Ra8 23. Rd2 g6 24. Rcd1 Bf7 25. Qb3 Rc8 26. Qb5 Kg7 27. Rc1 Ra8 28. Rdc2 h5 29. b4 Bxc4 30. Rxc4 axb4 31. Rxc5 bxc5 32. Rxc5 Rc8 33. Rxc8 Qxc8 34. Qxb4 Qf8 35. Qb5 Qe7 36. a5 f5 37. Bg2 Kf6 38. h4 Kg7 39. Bf3 Kf6 40. Bg2 Rc7 41. Qb6+ Kg7 42. d4 exd4 43. Qxd4+ Qf6 44. Qb4 Qe7 45. Qd4+ Kh7 46. Qb6 Rd7 47.
Bf3 Qf7 48. Kg2 Qe7 49. Qb5 Rc7 50. Qb6 Qf7 51. Qa7 Qd7 52. Qb8 Qe7 53. Qa7 Qg7 54.
Qb6 Kh6 55. Bd5 Qe7 56. Bf3 Kg7 57. Qd4+ Kh7 58. e4 Rd7 59. Qc4 fxe4 60. Bxe4 Qf7 61. Bf3 Qxc4 0-1

[Event "*** Titled Tuesday Blitz"]
[Site "Chess.com"]
[Date "2020.05.26"]
[Round "6"]
[White "floplover"]
[Black "AradNazari"]
[Result "1/2-1/2"]
[WhiteElo "2237"]
[BlackElo "2436"]
[TimeControl "180+1"]
[EndTime "11:08:58 PDT"]
[Termination "Game drawn by stalemate"]

1. d4 Nf6 2. c4 g6 3. Nc3 d5 4. cxd5 Nxd5 5. e4 Nxc3 6. bxc3 Bg7 7. Be3 c5 8. Rc1 Qa5 9. Qd2 O-O 10. Nf3 Rd8 11.
d5 Nd7 12. Bd3 b5 13. O-O c4 14. Bb1 e6 15. Nd4 Qa6 16. dxe6 fxe6 17. Bg5 Re8 18.
f4 e5 19. Nf3 Qc6 20. f5 Nc5 21. f6 Bxf6 22. Bxf6 Qxf6 23. Qd5+ Be6 24. Qxc5 Bg4 25. Qxb5 Qb6+ 26. Qxb6 axb6 27. h3 Bxf3 28. Rxf3 Rab8 29.
Rd1 b5 30. Bc2 Ra8 31. Bb1 Reb8 32. Rf2 b4 33. cxb4 Rxb4 34. Rc2 Rab8 35. Rcc1 Rb2 36. a4 Kf8 37. a5 Ke7 38. a6 R8b6 39. a7 Ra6 40.
Rxc4 Rxa7 41. Bd3 Rd7 42. Rcc1 Rb4 43. Bb1 Rdb7 44. Bd3 Rd7 45. Bf1 Ra7 46. Rd5 Rxe4 47. Rdc5 Kf6 48. Rc7 Ra3 49. Rxh7 Rd4 50. Rc6+ Kf5 51.
Rc1 e4 52. Rf7+ Ke5 53. Re7+ Kf4 54. Re6 g5 55. Be2 Ke3 56. Bg4 Rd2 57. Re1+ Kf4 58. R6xe4+ Kg3 59. R4e3+ Kh4 60. Rxa3 Rxg2+ 61. Kf1 Rf2+ 62.
Kg1 Rg2+ 63. Kxg2 1/2-1/2

[Event "*** Titled Tuesday Blitz"]
[Site "Chess.com"]
[Date "2020.05.26"]
[Round "6"]
[White "MathiasWomacka"]
[Black "Shankovskyi"]
[Result "1-0"]
[WhiteElo "2397"]
[BlackElo "2525"]
[TimeControl "180+1"]
[EndTime "11:08:59 PDT"]
[Termination "MathiasWomacka won by resignation"]

1. e4 e5 2. Nf3 Nc6 3. Bb5 a6 4. Bxc6 dxc6 5. O-O Bd6 6. d4 f6 7. dxe5 fxe5 8. Nxe5 Nf6 9. Nf3 Be7 10. Qxd8+ Bxd8 11. Nc3 h6 12. Bf4 Bg4 13. Ne5 Bh5 14. f3 Nd7 15. Rad1 Nc5 16. Nd3 Ne6 17. Bg3 Bf6 18.
Be5 Be7 19. g4 Bf7 20. f4 O-O 21. f5 Ng5 22. Bxc7 Rac8 23. Bg3 Bc4 24. h4 Nh7 25. e5 b5 26. Rfe1 b4 27. Ne4 Bd5 28. Nf4 Rfd8 29. Ng6 Bf8 30. Nxf8 Nxf8 31. Nd6 Rc7 32.
e6 Re7 33. g5 hxg5 34. hxg5 Nxe6 35. fxe6 Rxe6 36. Rxe6 Bxe6 37. Re1 Bd5 38. Re7 Kh7 39. Be5 Kg6 40. Rxg7+ Kh5 41. Kf2 Kg4 42. Ke3 c5 43.
g6 a5 44. Ra7 Kg5 45. g7 Bxa2 46. Rxa5 Bb1 47. Rxc5 Kg6 48. Kd4 b3 49. cxb3 Ba2 50. b4 Be6 51. b5 Rb8 52. Rc6 Kh7 53. Kc5 Bd7 54. Rc7 Bxb5 55. Nxb5 Re8 56. Bc3 Re4 57. Rc8 Rg4 58. Rh8+ Kg6 59. g8=Q+ Kf5 60. Rh5+ 1-0

[Event "*** Titled Tuesday Blitz"]
[Site "Chess.com"]
[Date "2020.05.26"]
[Round "6"]
[White "TigrVShlyape"]
[Black "CarlosAlbornoz"]
[Result "1-0"]
[WhiteElo "2865"]
[BlackElo "2726"]
[TimeControl "180+1"]
[EndTime "11:09:00 PDT"]
[Termination "TigrVShlyape won by checkmate"]

1. d4 Nf6 2. Nf3 g6 3. c3 Bg7 4.
Bf4 O-O 5. Nbd2 d6 6. h3 b6 7. e3 Bb7 8. a4 a5 9. Bb5 Nbd7 10.
O-O Ne4 11. Nxe4 Bxe4 12. Bh2 Bb7 13. Re1 Nf6 14. Bd3 Ne4 15. Qc2 f5 16. b4 e6 17. Qb3 Qd7 18. Bc4 Rfe8 19. Red1 Kh8 20. Ne1 Ng5 21. f3 Qe7 22. Bb5 Red8 23. Rac1 e5 24.
dxe5 dxe5 25. bxa5 bxa5 26. Be2 Bc6 27. Qc4 Qe6 28. h4 Bd5 29. Rxd5 Rxd5 30. hxg5 e4 31. Nc2 Rad8 32. Nd4 Qe7 33. Nc6 Qxg5 34. Bf4 Qh4 35. Nxd8 Rxd8 36. Qxc7 h6 37. Be5 Rg8 38. Rb1 Qg5 39.
Bxg7+ Rxg7 40. Qf4 Qf6 41. Qxh6+ Kg8 42. Bc4+ Kf8 43. Qh8+ Ke7 44. Rb7+ Kd6 45. Qb8+ Kc5 46. Qc8+ Qc6 47. Qxc6+ Kxc6 48. Rxg7 Kc5 49. Bb5 exf3 50. gxf3 f4 51. exf4 g5 52. fxg5 Kd5 53. g6 Kd6 54. Rf7 Kc5 55. f4 Kb6 56. f5 Kc5 57. g7 Kb6 58. Kf2 Kc5 59. Ke3 Kb6 60. Ke4 Kc5 61. Ra7 Kb6 62. Ra6+ Kc5 63. Rxa5 Kb6 64. Ra6+ Kb7 65.
Re6 Kc7 66. f6 Kb7 67. f7 Kc7 68. a5 Kb7 69. f8=R Kc7 70. g8=R Kb7 71. Rb6+ Kc7 72.
Rc6+ Kd7 73. Rff6 Ke7 74. Rce6# 1-0

[Event "*** Titled Tuesday Blitz"]
[Site "Chess.com"]
[Date "2020.05.26"]
[Round "6"]
[White "Ladislav1969"]
[Black "Chessmasterzt"]
[Result "0-1"]
[WhiteElo "2317"]
[BlackElo "2570"]
[TimeControl "180+1"]
[EndTime "11:09:00 PDT"]
[Termination "Chessmasterzt won by checkmate"]

1. e4 d5 2. exd5 Nf6 3. Nc3 Nxd5 4. Bc4 Nb6 5. Be2 g6 6. d4 Bg7 7. Nf3 O-O 8. h3 c5 9. dxc5 Bxc3+ 10. bxc3 Na4 11.
Qd4 Qxd4 12. cxd4 b6 13. Ne5 Bb7 14. cxb6 axb6 15. O-O Rd8 16. Be3 Nc3 17. Bc4 Bd5 18. Bxd5 Rxd5 19. a3 f6 20. Nc4 Nd7 21. Bd2 Ne2+ 22.
Kh2 Nxd4 23. Be3 Nxc2 24. Rac1 Nxa3 25. Ra1 Nxc4 26. Rxa8+ Kf7 27. Re1 g5 28. Kg1 h5 29.
Rd8 g4 30. Rc1 b5 31. Rb1 g3 32. Kf1 gxf2 33. Kxf2 Ke6 34. Rb3 h4 35. Ke2 Re5 36.
Rh8 Nc5 37. Rc3 Ne4 38. Rb3 Ng3+ 39. Kf3 Nf5 40. Bf4 Re1 41. Rxb5 Rf1+ 42. Kg4 Nfe3+ 43.
Bxe3 Nxe3+ 44. Kxh4 Nxg2+ 45. Kh5 Nf4+ 46. Kh6 Nxh3 47.
Kg7 Ng5 48. Rh2 Re1 49. Rb6+ Kf5 50. Rf2+ Kg4 51. Rb4+ Ne4 52. Kf7 Kg3 53. Rfb2 f5 54. R2b3+ Kg4 55. Kxe7 f4 56. Kf7 f3 57. Rd4 f2 58.
Rbb4 f1=Q+ 59. Kg6 Qf5+ 60. Kg7 Qf6+ 61. Kg8 Qe6+ 62. Kg7 Kf4 63. Kh7 Rh1+ 64. Kg7 Rg1+ 65.
Kf8 Rg8# 0-1